 Dungeon Crawl Stone Soup version 0.28-a0-932-g843f935a50 (webtiles) character file.

Game seed: 11594711696842723966

1003 bande the Chopper (level 8, 0/48 HPs)
             Began as a Gargoyle Fighter on Nov 28, 2021.
             Was a Believer of Okawaru.
             Slain by a scorpion zombie (4 damage)
             ... on level 5 of the Dungeon.
             The game lasted 00:06:37 (5549 turns).

bande the Chopper (Gargoyle Fighter)                Turns: 5549, Time: 00:06:38

Health: 0/48       AC: 15    Str: 21    XL:     8   Next: 20%
Magic:  10/10      EV:  9    Int:  9    God:    Okawaru [**....]
Gold:   249        SH:  5    Dex: 10    Spells: 7/7 levels left

rFire   . . .      SeeInvis .   a - +0 war axe
rCold   . . .      Faith    .   c - +1 buckler
rNeg    + . .      Spirit   .   b - +0 scale mail
rPois   ∞          Reflect  .   (no helmet)
rElec   +          Harm     .   (no cloak)
rCorr   .          Rampage  .   f - +0 pair of gloves
Will    .....                   h - +0 pair of boots
Stlth   ..........              (no amulet)
HPRegen 0.16/turn               (no ring)
MPRegen 0.12/turn               (no ring)

@: no status effects
A: sickness immunity, AC +5, negative energy resistance 1, electricity
resistance, torment resistance 1, petrification resistance
a: Renounce Religion, Heroism


You were on level 5 of the Dungeon.
You worshipped Okawaru.
Okawaru was pleased with you.
You visited 1 branch of the dungeon, and saw 5 of its levels.

You collected 249 gold pieces.

Inventory:

Hand Weapons
 a - a +0 war axe (weapon)
Armour
 b - a +0 scale mail (worn)
 c - a +1 buckler (worn)
 f - a +0 pair of gloves (worn)
 g - a +0 kite shield
 h - a +0 pair of boots (worn)
Jewellery
 e - a ring of wizardry
Wands
 l - a wand of paralysis (7)
 p - a wand of iceblast (6)
Scrolls
 i - a scroll of enchant armour
 m - 2 scrolls of teleportation
Potions
 d - a potion of might
 j - a potion of haste
 k - a potion of heal wounds {unknown}
 n - a potion of lignification {unknown}
 o - a potion of cancellation {unknown}
 q - a potion of magic {unknown}
 r - a potion of invisibility {unknown}


   Skills:
 + Level 4.7 Fighting
 + Level 5.7 Axes
 + Level 5.1 Armour
 + Level 4.1 Shields
 * Level 3.2 Invocations
 * Level 2.6 Evocations


You had 7 spell levels left.
You didn't know any spells.
Your spell library contained the following spells:

 Spells                   Type           Power      Damage    Failure   Level
 Blink                    Tloc           0%         N/A       83%         2
 Scorch                   Fire           0%         2d5       83%         2
 Flame Wave               Conj/Fire      0%         3d3       100%        4
 Manifold Assault         Tloc           0%         N/A       100%        5
 Storm Form               Tmut/Air       0%         N/A       100%        7
 Summon Cactus Giant      Summ           Unusable   N/A       N/A         6

Dungeon Overview and Level Annotations

Branches:
Dungeon (5/15)
 Temple: D:4-7

Altars:
Makhleb
Okawaru
Sif Muna
Vehumet

Shops:
D:1 ?   D:2 [


Innate Abilities, Weirdness & Mutations

You are immune to sickness and miasma.
Your stone body is resilient. (AC +5)
You are immune to poison.
You resist negative energy. (rN+)
You are resistant to electric shocks. (rElec)
You are resistant to unholy torment.
You are immune to petrification.


Message History

* * * LOW HITPOINT WARNING * * *
You block the orc's attack. The orc hits you but does no damage.
Unknown command.
Unknown command.
You closely miss the orc priest.
The orc priest is heavily wounded.
You barely miss the orc. The orc priest completely misses you.
The orc hits you with a +1 vampiric short sword.
* * * LOW HITPOINT WARNING * * *
The orc barely misses you. You block the orc priest's attack.
The orc hits you but does no damage.
You slash the orc priest!
You kill the orc priest!
Okawaru accepts your kill.
You slash the orc!
You kill the orc!
Okawaru accepts your kill. The orc barely misses you.
You block the orc's attack.
A scorpion zombie comes into view.
The orc hits you from afar with a +0 trident.
* * * LOW HITPOINT WARNING * * *
The scorpion zombie moves out of view.
Things that are here:
a +0 dagger; a +0 leather armour; an orc corpse The orc hits you but does no damage.
Things that are here:
a +1 vampiric short sword; a +0 hand axe; an orc corpse The orc closely misses you.
You slash the orc!
You kill the orc!
Okawaru accepts your kill.
You hit the scorpion zombie but do no damage.
The scorpion zombie hits you.
* * * LOW HITPOINT WARNING * * *
The scorpion zombie hits you.
* * * LOW HITPOINT WARNING * * *
Things that are here:
a +0 trident; a +0 chain mail; an orc corpse The scorpion zombie hits you.
You die...

########### ....#88..#
#######.Z..P.#####
##.......)@........#
...$...))#.88.####.#
.......).#########.#
................##.##
##.####..##.........#
...>.....##.........#
##.####..##.........####
#..##............###
##.##..............#


You could see a scorpion zombie.

Vanquished Creatures
  Menkaure (D:4)
  A black bear (D:5)
  A necrophage (D:3)
  An ice beast (D:5)
  A scorpion (D:4)
  A water moccasin zombie (D:5)
  A water moccasin skeleton (D:4)
  A bullfrog zombie (D:5)
  A centaur zombie (D:5)
  2 hounds
  An orc priest (D:5)
  2 iguanas
  2 scorpion zombies
  A hound zombie (D:5)
  3 gnolls (D:4)
  6 adders
  An ufetubus (D:5)
  An adder skeleton (D:4)
  2 worms (D:3)
  2 dart slugs
  5 orcs
  10 ball pythons
  7 bats
  9 endoplasms
  3 giant cockroaches
  7 goblins
  3 hobgoblins
  6 kobolds
  3 quokkas
  8 frilled lizards
  6 rats
99 creatures vanquished.

Vanquished Creatures (others)
  10 plants
  2 withered plants (D:5)
12 creatures vanquished.

Grand Total: 111 creatures vanquished

Notes
Turn   | Place    | Note
-------+----------+-------------------------------------------
     0 | D:1      | bande the Gargoyle Fighter began the quest for the Orb.
     0 | D:1      | Reached XP level 1. HP: 14/14 MP: 1/1
   221 | D:1      | Reached XP level 2. HP: 17/19 MP: 2/2
   450 | D:1      | Reached XP level 3. HP: 23/23 MP: 3/3
   546 | D:1      | Found a faded altar of an unknown god.
   546 | D:1      | Noticed a shining eye
   549 | D:1      | Noticed a great orb of eyes
   549 | D:1      | Noticed a shining eye
   549 | D:1      | Noticed a great orb of eyes
   633 | D:1      | Found Xibiser's Magic Scroll Shop.
  1227 | D:2      | Reached XP level 4. HP: 23/29 MP: 4/4
  1522 | D:2      | Found Niadd's Antique Armour Shoppe.
  1775 | D:3      | Found a radiant altar of Vehumet.
  1786 | D:3      | Found an iron altar of Okawaru.
  1791 | D:3      | Became a worshipper of Warmaster Okawaru
  2442 | D:3      | Noticed a necrophage
  2452 | D:3      | Killed a necrophage
  2453 | D:3      | Reached skill level 1 in Invocations
  2453 | D:3      | Reached skill level 1 in Evocations
  2453 | D:3      | Reached XP level 5. HP: 17/33 MP: 5/5
  2967 | D:4      | Noticed Menkaure
  2979 | D:4      | Killed Menkaure
  2979 | D:4      | Reached * piety under Okawaru
  2980 | D:4      | Reached XP level 6. HP: 21/38 MP: 5/7
  3517 | D:4      | Found a burning altar of Makhleb.
  3532 | D:4      | Found a shimmering blue altar of Sif Muna.
  3699 | D:4      | Reached XP level 7. HP: 43/43 MP: 8/8
  4560 | D:5      | Entered Level 5 of the Dungeon
  4844 | D:5      | Reached skill level 5 in Axes
  5228 | D:5      | Reached ** piety under Okawaru
  5379 | D:5      | Reached skill level 5 in Armour
  5388 | D:5      | Reached XP level 8. HP: 41/48 MP: 10/10
  5549 | D:5      | Slain by a scorpion zombie

Illustrated notes

Levels and vault maps discovered:
D:1:      giann_bridges, layout_rooms, hellmonk_ecumenical_altar_watching_god,
          serial_shops, shop, patterned_corridor
D:2:      layout_loops_cross, serial_shops, nicolae_shop_trees,
          minmay_lizard_king
D:3:      wad_pebble_path, layout_loops_cross, mainiacjoe_overflow_big_doors,
          minmay_misc_feat_chi
D:4:      layout_basic, bloody_makhleb, nicolae_sif_muna_little_library,
          uniq_menkaure
D:5:      layout_loops_ring, minmay_temple_entry_large_hall, serial_undead,
          serial_undead_a, serial_undead_c, serial_undead_b, serial_undead_d

Skill      XL: |  1  2  3  4  5  6  7 |
---------------+----------------------+-----
Axes           | 2 3 4 5 |  5.7
Fighting       | 4 |  4.7
Armour         | 4 5 |  5.1
Invocations    | 1 2 3 |  3.2
Evocations     | 1 2 |  2.6
Shields        | 4 |  4.1

Action                   |  1- 3 |  4- 6 |  7- 9 || total
-------------------------+-------+-------+-------++-------
Melee: War axe           |   133 |   102 |   138 ||   373
  Use: Scroll            |     3 |     3 |     1 ||     7
Armor: Scale mail        |    78 |    53 |   113 ||   244
Dodge: Dodged            |    80 |    50 |    69 ||   199
Block: Buckler           |    39 |    36 |    47 ||   122

Table legend: (Time is in decaauts)
 A = Elapsed time spent in this place.
 B = Non-inter-level travel time spent in this place.
 C = Inter-level travel time spent in this place.
 D = Time resting spent in this place.
 E = Time spent auto-exploring this place.
 F = Levels seen in this place.
 G = Mean time per level.
                   A        B        C        D        E       F      G
               +--------+--------+--------+--------+--------+-----+--------+
         Total |   5673 |   5524 |    149 |   1438 |   3146 |   5 | 1134.6 |
       Dungeon |   5673 |   5524 |    149 |   1438 |   3146 |   5 | 1134.6 |
               +--------+--------+--------+--------+--------+-----+--------+

Top non-repeatable levels by time:
     D:4: 1882 daAuts
     D:3: 1439 daAuts
     D:1: 904 daAuts
     D:2: 865 daAuts
     D:5: 582 daAuts
